[Event "Late-Titled-Tuesday-Blitz-June-25-2024"]
[Site "Chess.com"]
[Date "2024.06.25"]
[Round "7"]
[White "yaguigor"]
[Black "talaicito"]
[Result "1-0"]
[WhiteElo "2558"]
[BlackElo "2375"]
[TimeControl "180+1"]
[EndTime "15:16:44 PDT"]
[Termination "yaguigor won on time"]

1. d4 e6 2. e4 d5 3. Bd3 dxe4 4. Bxe4 Nf6 5. Bf3 Be7 6. Ne2 O-O 7. O-O c5 8. Be3 cxd4 9. Nxd4 e5 10. Nb5 a6 11.
Qxd8 Bxd8 12. Nd6 Nc6 13. Bxc6 bxc6 14. Nc3 Nd5 15. Nce4 Nxe3 16. fxe3 Bb6 17. Nc4 Ba7 18. Ned6 Be6 19. Kh1 f6 20. e4 Rfd8 21. Rad1 Rab8 22. c3 Bc5 23. b4 Ba7 24. a4 Kf8 25. Rd2 Bxc4 26. Nxc4 Rxd2 27. Nxd2 Rd8 28. Nc4 Rd3 29. Rc1 Ke7 30. g4 Ke6 31. Kg2 g6 32. Rc2 f5 33.
exf5+ gxf5 34. gxf5+ Kxf5 35. Na5 Rd6 36. Re2 e4 37. h3 Rg6+ 38. Kh2 Kf4 39. Nc4 Bb8 40. Rf2+ Kg5+ 41. Kh1 Kh4 42. Re2 Re6 43. Kg2 h5 44. Nd2 1-0

[Event "Late-Titled-Tuesday-Blitz-June-25-2024"]
[Site "Chess.com"]
[Date "2024.06.25"]
[Round "7"]
[White "Juliana_Figueira"]
[Black "Chempiblinka"]
[Result "0-1"]
[WhiteElo "1995"]
[BlackElo "2400"]
[TimeControl "180+1"]
[EndTime "15:16:44 PDT"]
[Termination "Chempiblinka won by resignation"]

1. d4 Nf6 2. c4 g6 3. Nc3 Bg7 4. e4 O-O 5. h3 d6 6. Be2 c5 7. d5 e6 8. Nf3 exd5 9. exd5 Re8 10. O-O Nfd7 11. Bf4 Ne5 12. Nxe5 Bxe5 13. Bxe5 Rxe5 14.
Bg4 Bxg4 15. Qxg4 Nd7 16. Rfe1 Qe7 17. Rxe5 Nxe5 18. Qe4 f5 19. Qe2 Qf6 20. Nb5 a6 21. Nc7 Rb8 22. Ne6 b5 23. f4 Nxc4 24. Rb1 Nb6 25.
b3 Nxd5 26. Ng5 Nc3 27. Qc2 Nxb1 28. Qxb1 Rc8 29. Qd3 Qd4+ 30. Qxd4 cxd4 31. Kf2 Rc2+ 32. Ke1 Rxa2 33. Ne6 d3 34. Nd4 Rxg2 35. Kf1 Rb2 36.
Ke1 Kf7 37. Kd1 Ke7 38. Nc6+ Kd7 39. Nb8+ Kc7 40. Nxa6+ Kb7 41. Nb4 Rxb3 42. Nd5 d2 43. Kxd2 Rxh3 44. Nf6 h5 45. Ne8 Kc6 46. Ng7 Rf3 47.
Ne6 Ra3 48. Nf8 b4 49. Nxg6 b3 50. Kc3 Kc5 51. Ne7 d5 52. Nxf5 Ra4 53. Ng3 h4 54. Ne2 h3 55. Kxb3 Rb4+ 56. Kc3 h2 57. Ng3 Rxf4 58.
Kd2 Rg4 59. Nh1 Rg1 60. Ke2 Rxh1 61. Kf2 Rd1 62. Kg2 h1=Q+ 0-1

[Event "Late-Titled-Tuesday-Blitz-June-25-2024"]
[Site "Chess.com"]
[Date "2024.06.25"]
[Round "7"]
[White "alexrustemov"]
[Black "Yurovskykh_Oleksandr"]
[Result "1-0"]
[WhiteElo "2829"]
[BlackElo "2618"]
[TimeControl "180+1"]
[EndTime "15:16:45 PDT"]
[Termination "alexrustemov won by resignation"]

1. d4 d5 2. c4 dxc4 3. Nf3 Nf6 4.
e3 e6 5. Bxc4 c5 6. O-O Nc6 7.
Nc3 cxd4 8. exd4 Be7 9. d5 exd5 10. Nxd5 Nxd5 11. Qxd5 Qxd5 12. Bxd5 O-O 13. Bf4 Bf6 14. Bxc6 bxc6 15. Be5 Bg4 16. Bxf6 Bxf3 17. Bxg7 Kxg7 18.
gxf3 Rfb8 19. Rab1 Rb6 20. Rfc1 Rab8 21. b3 a5 22. Rc4 Rd8 23. Rb2 Rd3 24. Kg2 Rb4 25. Rbc2 Rxc4 26. Rxc4 Rd2 27. Ra4 Rd5 28. f4 Rb5 29.
Rc4 c5 30. Kf3 Kf6 31. Ke4 Ke6 32. f5+ Kd6 33. Kd3 Ke5 34. Rh4 Kxf5 35. Rxh7 Kg6 36.
Rh4 Kf5 37. Ke3 Ke5 38. Rh5+ Kd6 39. Rh6+ Kd5 40. Ra6 Ke5 41. h4 Kf5 42. h5 f6 43.
h6 Kg6 44. h7 Kxh7 45. Rxf6 a4 46. bxa4 Rb2 47. Rf4 Rxa2 48. Kd3 Kg7 49. Kc3 Ra1 50. Kb2 Rh1 51. Rf5 Rh8 52. Rxc5 Rf8 53. Rc2 Rb8+ 54.
Ka3 Kf6 55. a5 Ra8 56. Ka4 1-0

[Event "Late-Titled-Tuesday-Blitz-June-25-2024"]
[Site "Chess.com"]
[Date "2024.06.25"]
[Round "7"]
[White "Gangster-accountant01"]
[Black "NailBashirli"]
[Result "1-0"]
[WhiteElo "2591"]
[BlackElo "2750"]
[TimeControl "180+1"]
[EndTime "15:16:45 PDT"]
[Termination "Gangster-accountant01 won on time"]

1. d4 Nf6 2. c4 e6 3. Nc3 Bb4 4. e3 O-O 5. Bd2 b6 6. Nf3 Bb7 7. Bd3 d5 8. cxd5 exd5 9. O-O Nbd7 10. Ne5 Re8 11. f4 Bxc3 12. bxc3 Ne4 13. Bxe4 dxe4 14. Qh5 Qe7 15. c4 f6 16. Nxd7 Qxd7 17. f5 Qf7 18. Qe2 Ba6 19. Rac1 c5 20. dxc5 bxc5 21.
Rf4 Rad8 22. Ba5 Rd6 23. Rh4 h6 24. Rg4 Qd7 25. Bc3 Qxf5 26. Rf1 Qd7 27. Bxf6 g5 28. Bxg5 Rg6 29. Rf6 Rxg5 30. Rxg5+ hxg5 31. Rg6+ Kf7 32. Rxa6 Rd8 33. Qh5+ Ke7 34. Qxg5+ Ke8 35. Qe5+ Kf7 36. Rf6+ Kg8 37. Qg5+ 1-0

[Event "Late-Titled-Tuesday-Blitz-June-25-2024"]
[Site "Chess.com"]
[Date "2024.06.25"]
[Round "7"]
[White "Talent-OF-Slovenia"]
[Black "ValeriyGrinev"]
[Result "0-1"]
[WhiteElo "2457"]
[BlackElo "2601"]
[TimeControl "180+1"]
[EndTime "15:16:45 PDT"]
[Termination "ValeriyGrinev won on time"]

1. e4 c6 2. d4 d5 3. Nd2 dxe4 4.
Nxe4 Bd7 5. Qe2 e6 6. Nf3 Nf6 7.
Nxf6+ Qxf6 8. c3 h6 9. g3 Bd6 10.
Bg2 O-O 11. O-O Na6 12. Ne5 Rad8 13. Bf4 Bc8 14. h4 Nc7 15. Rfe1 Nd5 16. Bxd5 exd5 17.
Nd3 Bf5 18. Bxd6 Qxd6 19. Nf4 Rfe8 20. Qxe8+ Rxe8 21. Rxe8+ Kh7 22. h5 Be4 23. Re1 Qd7 24. R8xe4 dxe4 25. Rxe4 g6 26. hxg6+ fxg6 27. d5 cxd5 28.
Rd4 g5 29. Nxd5 Qf5 30. Ne3 Qb1+ 31. Kg2 Qxb2 32. Rb4 Qxa2 33. Rxb7+ Kg6 34. c4 a5 35. c5 Qa4 36. Rb6+ Kh7 37. c6 Qe4+ 38. Kh2 Qe5 39. Rb7+ Kg6 40. c7 Qc5 41. Ra7 a4 42.
Ra6+ Kh7 43. Ra7 Kg6 44. Kg1 a3 45. Nd5 Qc1+ 46. Kg2 Qc6 47. Rxa3 Qxd5+ 0-1

[Event "Late-Titled-Tuesday-Blitz-June-25-2024"]
[Site "Chess.com"]
[Date "2024.06.25"]
[Round "7"]
[White "Connectedcloud"]
[Black "Flaccidmoves"]
[Result "1-0"]
[WhiteElo "2346"]
[BlackElo "2520"]
[TimeControl "180+1"]
[EndTime "15:16:45 PDT"]
[Termination "Connectedcloud won by checkmate"]

1. Nf3 e6 2. c4 d5 3. e3 c5 4.
b3 d4 5. exd4 cxd4 6. d3 Nc6 7.
g3 Nf6 8. Bg2 Be7 9. O-O O-O 10.
a3 a5 11. Re1 Nd7 12. Nbd2 e5 13. Rb1 Re8 14. Qc2 f5 15. c5 Bf6 16. b4 axb4 17. axb4 Nf8 18. Nc4 e4 19. dxe4 d3 20. Qb3 fxe4 21.
Nfd2 Nd4 22. Qd1 Ne2+ 23. Rxe2 dxe2 24. Qxe2 Qd3 25. Qe1 Bf5 26. Rb3 Qc2 27. Ne3 Qa2 28. Nxf5 Rad8 29. Re3 Qc2 30. Bxe4 Qa2 31. Bb1 Qf7 32.
Rxe8 Rxe8 33. Qf1 Qd5 34. Nd6 Re7 35. N2e4 Ne6 36. Qc4 Qxc4 37. Nxc4 Nd4 38. Nxf6+ gxf6 39. Be3 Nc6 40. b5 Ne5 41. Nxe5 fxe5 42. Be4 Kf7 43. c6 bxc6 44. bxc6 Ke6 45. Bb6 Kd6 46. c7 Rxc7 47. Bxc7+ Kxc7 48. Bxh7 Kd6 49. Be4 Ke7 50. h4 Kf6 51. g4 Kg7 52. g5 Kg8 53. h5 Kh8 54. Kg2 Kg7 55. Kg3 Kh8 56. Kg4 Kg8 57. g6 Kg7 58. Kg5 Kh8 59. h6 Kg8 60. Bd5+ Kh8 61.
g7+ Kh7 62. g8=Q# 1-0

[Event "Late-Titled-Tuesday-Blitz-June-25-2024"]
[Site "Chess.com"]
[Date "2024.06.25"]
[Round "7"]
[White "FloMasterAAK"]
[Black "Jahonas"]
[Result "1-0"]
[WhiteElo "2607"]
[BlackElo "2434"]
[TimeControl "180+1"]
[EndTime "15:16:45 PDT"]
[Termination "FloMasterAAK won by resignation"]

1. Nf3 d5 2. e3 Nf6 3. c4 e6 4. b3 Be7 5. Bb2 b6 6. g3 Bb7 7. Bg2 c5 8. O-O dxc4 9. bxc4 O-O 10. Nc3 Nc6 11. d3 Nb4 12. Ne1 Bxg2 13. Kxg2 Qd7 14. Qe2 Rfd8 15. Rd1 Rac8 16. a3 Nc6 17. f4 Na5 18.
Nf3 h6 19. h3 a6 20. a4 Nc6 21. g4 Nb4 22. g5 hxg5 23. fxg5 Ne8 24. Ne5 Qb7+ 25. e4 Nd6 26. Qh5 Rf8 27. g6 fxg6 28.
Nxg6 Rf6 29. Ne2 Rxg6+ 30. Qxg6 Bf8 31. Nf4 Qf7 32. Qxf7+ Nxf7 33. Nxe6 Re8 34. Nxf8 Rxf8 35. Bc3 Nc6 36. Rf5 Re8 37. Rb1 Nce5 38. Rd1 Ng6 39. Kh2 Nh6 40. Rd5 Nf4 41. Rd6 Ne2 42. Bd2 Nd4 43. Bxh6 gxh6 44. Rxb6 Kh7 45. Rxa6 Rg8 46. Rb1 Nf3+ 47. Kh1 Rg5 48. Rb7+ 1-0

[Event "Late-Titled-Tuesday-Blitz-June-25-2024"]
[Site "Chess.com"]
[Date "2024.06.25"]
[Round "7"]
[White "ChadBiryani"]
[Black "jcmesafischer"]
[Result "1-0"]
[WhiteElo "2513"]
[BlackElo "2362"]
[TimeControl "180+1"]
[EndTime "15:16:45 PDT"]
[Termination "ChadBiryani won by checkmate"]

1. c4 Nf6 2. g3 e6 3. Bg2 d5 4.
Nf3 Be7 5. O-O O-O 6. b3 d4 7.
e3 c5 8. Bb2 Nc6 9. exd4 cxd4 10. Re1 Re8 11. Na3 Bf8 12. Nc2 e5 13. d3 a5 14. a3 Qb6 15. Rb1 Nd7 16. Nd2 Nc5 17. Qe2 Bf5 18. Ne4 Bxe4 19. Bxe4 Nxb3 20. a4 Qc7 21. Na3 Nc5 22. Nb5 Qd7 23. Bd5 Nb4 24. Bg2 Nbxd3 25. Red1 Nxb2 26. Rxb2 Nxa4 27. Rbd2 Rac8 28.
Be4 Nc5 29. Bd5 a4 30. Qf3 g6 31.
h4 Bg7 32. h5 Kf8 33. Qg2 f5 34. hxg6 hxg6 35. Qh3 Qe7 36. Qh7 Qf6 37. Re2 Ke7 38. Nxd4 Rh8 39. Rxe5+ Qxe5 40. Qxg6 f4 41. Nf5+ Kd8 42.
Qb6+ Rc7 43. Be4+ Ke8 44. Qg6+ Kf8 45. Rd8+ Qe8 46. Rxe8# 1-0

[Event "Late-Titled-Tuesday-Blitz-June-25-2024"]
[Site "Chess.com"]
[Date "2024.06.25"]
[Round "7"]
[White "MoldyTofu"]
[Black "LewAnatol"]
[Result "1-0"]
[WhiteElo "2054"]
[BlackElo "2262"]
[TimeControl "180+1"]
[EndTime "15:16:45 PDT"]
[Termination "MoldyTofu won by checkmate"]

1. b3 d5 2. Bb2 Nc6 3. e3 e5 4.
d4 a6 5. dxe5 Bb4+ 6. Nd2 Nge7 7. Nf3 Ng6 8. Bd3 O-O 9. O-O Bg4 10. c3 Be7 11. Bxg6 hxg6 12. Qc2 Re8 13. h3 Bf5 14. Qd1 Bf8 15. c4 Be4 16. cxd5 Bxd5 17. Qe2 Qe7 18. Rfd1 Rad8 19. Rac1 a5 20. Rc2 g5 21. a3 g6 22.
Rdc1 Bg7 23. Nc4 Rd7 24. e4 Be6 25. Qe3 g4 26. hxg4 Bxg4 27. Nd4 Nxe5 28. Nxa5 b6 29. Nac6 Nxc6 30. Nxc6 Qh4 31. Bxg7 Kxg7 32. f3 Be6 33. Nd4 c5 34. Nxe6+ Rxe6 35. Rd2 Ra7 36. a4 g5 37. Rd5 Rg6 38. Rcd1 g4 39. Qc3+ Kh7 40.
Rd8 f6 41. R1d7+ Rg7 42. Rxa7 Rxa7 43. Qd3 Qe1+ 44. Kh2 g3+ 45. Kh3 Kg6 46. e5+ f5 47. Rd6+ Kh5 48. Qxf5# 1-0

[Event "Late-Titled-Tuesday-Blitz-June-25-2024"]
[Site "Chess.com"]
[Date "2024.06.25"]
[Round "7"]
[White "anasta10"]
[Black "Arysya"]
[Result "0-1"]
[WhiteElo "2647"]
[BlackElo "2850"]
[TimeControl "180+1"]
[EndTime "15:16:46 PDT"]
[Termination "Arysya won on time"]

1. Nf3 Nf6 2. d4 d6 3. Nc3 d5 4. Bf4 a6 5. e3 e6 6. Bd3 c5 7.
dxc5 Bxc5 8. O-O Nc6 9. e4 d4 10. Ne2 h6 11. c3 dxc3 12. Nxc3 O-O 13. Qe2 Qe7 14. e5 Nd5 15. Qe4 f5 16. exf6 Nxf6 17.
Qe2 Nd5 18. Nxd5 exd5 19. Qxe7 Bxe7 20. Be3 Bg4 21. Nd4 Ne5 22. Bc2 Nc4 23. Bb3 Bf6 24.
h3 Bh5 25. Rfe1 Rfe8 26. Rac1 b5 27. Bxc4 dxc4 28. b3 Bf7 29. bxc4 Bxc4 30. a4 Rad8 31. Nc6 Rc8 32. axb5 axb5 33. Na7 Ra8 34. Nc6 Rec8 35.
Nd4 b4 36. Rb1 Rab8 37. Rec1 Be5 38. f4 Bf6 39. Kf2 Be7 40. Nb3 Ra8 41. Rb2 Bf6 42.
Rbb1 Ra2+ 43. Kg3 Bc3 44. Nd4 Bd5 45. Nf3 Be4 46. Rxb4 Ra3 0-1

[Event "Late-Titled-Tuesday-Blitz-June-25-2024"]
[Site "Chess.com"]
[Date "2024.06.25"]
[Round "7"]
[White "Msb2"]
[Black "AlexeiShirov"]
[Result "1-0"]
[WhiteElo "3079"]
[BlackElo "2871"]
[TimeControl "180+1"]
[EndTime "15:16:47 PDT"]
[Termination "Msb2 won on time"]

1. d4 d5 2. c4 e6 3. Nc3 c6 4. Nf3 Nf6 5. Qc2 dxc4 6. e4 b5 7. Be2 Be7 8. O-O O-O 9. e5 Nd5 10. Ne4 h6 11. b3 cxb3 12. axb3 Bb7 13. Bd2 Nd7 14. Qc1 f5 15. exf6 N7xf6 16. Nc5 Bxc5 17. dxc5 Ne4 18. Ne5 Rf5 19. Nd3 Nxd2 20. Qxd2 Nf4 21. Qe3 Nxe2+ 22. Qxe2 Qf6 23. f4 a5 24. Qe3 a4 25.
bxa4 Rxa4 26. Rxa4 bxa4 27. Ne5 Ba6 28. Rf2 Qd8 29.
Rd2 Qa5 30. g4 Rxe5 31. fxe5 Bc4 32. Rd7 a3 33. Qf2 Kh7 34. Qc2+ Kh8 35. Qf2 Kh7 36. g5 a2 37. g6+ Kxg6 38. Qf7+ Kg5 39. Qxg7+ Kf5 40. Qf6+ Ke4 41. Qg6+ Kxe5 42. Qg3+ Ke4 43. Qg4+ 1-0

[Event "Late-Titled-Tuesday-Blitz-June-25-2024"]
[Site "Chess.com"]
[Date "2024.06.25"]
[Round "7"]
[White "ShimogaTactician"]
[Black "Queensandpawns"]
[Result "1-0"]
[WhiteElo "2524"]
[BlackElo "2290"]
[TimeControl "180+1"]
[EndTime "15:16:48 PDT"]
[Termination "ShimogaTactician won by resignation"]

1. Nf3 Nc6 2. d4 d6 3. c4 Nf6 4. Nc3 g6 5. d5 Nb8 6. g3 Bg7 7. Bg2 c6 8. O-O O-O 9. h3 cxd5 10. cxd5 Nbd7 11. Be3 Nb6 12. Rc1 Nc4 13. Bd4 Bd7 14. b3 Nb6 15. a4 e5 16. Be3 Bf5 17. Nd2 h5 18. a5 Nc8 19. b4 Qd7 20. Kh2 Ne7 21. Nc4 Rac8 22. Qb3 Ra8 23. Rfd1 e4 24. b5 Rfc8 25. a6 bxa6 26. bxa6 Rab8 27. Qa2 Rb4 28.
Na5 Ne8 29. Nc6 Nxc6 30. dxc6 Rxc6 31. Nd5 Rxc1 32. Rxc1 Ra4 33. Qb3 Rxa6 34. Qb8 Kh7 35. Nc7 Nxc7 36. Rxc7 Qe6 37. Qb7 Ra2 38. Rxf7 Qe5 39.
Re7 Rb2 40. Qxa7 Qf6 41. Rxg7+ Qxg7 42. Qxg7+ Kxg7 43. Bd4+ Kf7 44. Bxb2 d5 45. e3 Be6 46. Bd4 Bd7 47. Bf1 Ke6 48. h4 Be8 49. Bh3+ Kd6 50. g4 Kc6 51. gxh5 gxh5 52. Kg3 Kd6 53. Kf4 Bf7 54. Bf5 Be8 55. Kg5 Bd7 56. Bxd7 Kxd7 57. Kxh5 Kc6 58. Kg4 Kb5 59. Kf5 Kc4 60. Ke5 Kd3 61.
Kxd5 Ke2 62. Kxe4 Kf1 63. h5 Kg1 64. h6 Kh2 65. h7 Kg2 66. h8=Q Kf1 67. f4 Ke2 68.
Qh2+ Kf1 69. Kf3 1-0

[Event "Late-Titled-Tuesday-Blitz-June-25-2024"]
[Site "Chess.com"]
[Date "2024.06.25"]
[Round "7"]
[White "kinga2008"]
[Black "Meri-Arabidze"]
[Result "0-1"]
[WhiteElo "2540"]
[BlackElo "2703"]
[TimeControl "180+1"]
[EndTime "15:16:49 PDT"]
[Termination "Meri-Arabidze won by checkmate"]

1. e4 e5 2. Nf3 Nc6 3. d4 exd4 4. Bc4 Nf6 5. O-O Nxe4 6. Re1 d5 7. Bxd5 Qxd5 8.
Nc3 Qa5 9. Nxe4 Be6 10. Bg5 h6 11. Bh4 g5 12. Nf6+ Ke7 13. Nxd4 gxh4 14. Nxe6 Kxf6 15.
Qf3+ Kg6 16. Nf4+ Kh7 17. Nd5 Bg7 18. Qxf7 Rhf8 19. Qh5 Kh8 20. Rad1 Rad8 21. c3 Rd6 22. b4 Qxa2 23. Re2 Qb3 24. Red2 Ne5 25. Qxh4 c6 26.
Qe7 Rxd5 27. Rxd5 cxd5 28. Re1 Qxc3 29. Rf1 Qc6 30. h3 Qf6 31. Qxb7 Qf7 32. Qb5 Ng6 33. Qd3 Nf4 34. Qf3 Qg6 35. Kh2 Rf5 36. g3 Ne6 37. Qe2 Kh7 38. Re1 Nd4 39. Qd2 Nf3+ 40.
Kg2 Nxd2 41. Re2 Re5 42. g4 Rxe2 43. Kg3 Rxf2 44. Kh4 Qg5+ 45. Kg3 Qe3+ 46. Kh4 Bf6+ 47. g5 Qxg5# 0-1

[Event "Late-Titled-Tuesday-Blitz-June-25-2024"]
[Site "Chess.com"]
[Date "2024.06.25"]
[Round "7"]
[White "dropstoneDP"]
[Black "Mops_2004"]
[Result "1/2-1/2"]
[WhiteElo "3009"]
[BlackElo "2804"]
[TimeControl "180+1"]
[EndTime "15:16:50 PDT"]
[Termination "Game drawn - insufficient material"]

1. e4 c5 2. Nf3 e6 3. d4 cxd4 4.
Nxd4 Nc6 5. c3 Nf6 6. Nxc6 bxc6 7. e5 Nd5 8. Nd2 d6 9. exd6 Bxd6 10. Ne4 Be7 11. Bd3 O-O 12. O-O c5 13. Qh5 g6 14.
Qh6 Nf6 15. Bg5 Nxe4 16. Bxe7 Qxe7 17. Bxe4 Rb8 18. b3 Bb7 19. Bxb7 Rxb7 20. Rfd1 Rd8 21. Rxd8+ Qxd8 22. Qe3 Qd5 23. c4 Qd6 24. h4 h5 25.
g3 Rd7 26. Re1 Qd2 27. Qxd2 Rxd2 28. Re5 Rxa2 29. Rxc5 a5 30. Kf1 Kg7 31. Ke1 Kf6 32. Rb5 a4 33. b4 a3 34. Ra5 Rb2 35. Rxa3 Rxb4 36. Rc3 Ke7 37. c5 Rb2 38. c6 Rb8 39. Ke2 Kd6 40. Rf3 f5 41. Rd3+ Kxc6 42. Ke3 Rb4 43.
Rd8 e5 44. Ra8 f4+ 45. Kf3 fxg3 46. fxg3 Kd5 47. Ra6 Rg4 48. Rb6 e4+ 49. Kg2 Kd4 50.
Kf2 g5 51. Rd6+ Ke5 52. Rh6 gxh4 53. Rxh5+ Kd4 54. Rxh4 Rxh4 55. gxh4 Ke5 56. Ke3 Kf5 57. h5 Kg5 58. h6 Kxh6 59. Kxe4 1/2-1/2

[Event "Late-Titled-Tuesday-Blitz-June-25-2024"]
[Site "Chess.com"]
[Date "2024.06.25"]
[Round "7"]
[White "Sic_Transit_GM"]
[Black "jk13"]
[Result "0-1"]
[WhiteElo "2533"]
[BlackElo "2706"]
[TimeControl "180+1"]
[EndTime "15:16:50 PDT"]
[Termination "jk13 won by resignation"]

1. e4 e5 2. Nc3 Nf6 3. Nf3 Nc6 4. d4 exd4 5. Nxd4 Bb4 6. Nxc6 bxc6 7. Bd3 O-O 8. O-O d5 9. Bd2 Re8 10. Nxd5 cxd5 11.
Bxb4 Nxe4 12. Bb5 Re6 13. c4 d4 14. f3 Nf6 15. Bc5 d3 16. Rf2 Re5 17. b4 Bf5 18. Rd2 h5 19. a3 Rxc5 20. bxc5 Qd4+ 21. Kh1 h4 22. Qg1 Qf4 23. Rad1 Rd8 24. c6 h3 25. c5 hxg2+ 26. Qxg2 Qe3 27. Rg1 g6 28. Bc4 Kg7 29. Qf2 Qf4 30. Rc1 Rd4 31. Ba2 Nh5 32. Bb1 Qe5 33. Rc3 Nf4 34. Rc1 Qd5 35. Ba2 Qe5 36. Re1 Qf6 37. Qe3 Nh3 38. Qe5 Qxe5 39. Rxe5 Kf6 40. Rd5 Rxd5 41. Bxd5 Nf4 42. Be4 Ke5 43.
Bxf5 gxf5 44. h4 Kd4 45. Kg1 Ke3 46. Rd1 Ke2 47. Ra1 d2 48. Kh2 d1=Q 49. Rxd1 Kxd1 50. Kg3 Nh5+ 51. Kf2 Kd2 52. f4 Kd3 53. Kf3 Kd4 54. Ke2 Ke4 55. Kd2 Kxf4 56. Kc3 Ke4 57. Kb4 f4 58.
Ka5 Kd5 59. Ka6 Kxc6 60. Kxa7 f3 61. a4 f2 62. a5 f1=Q 63. a6 Qb5 64. Ka8 Qxa6+ 0-1

[Event "Late-Titled-Tuesday-Blitz-June-25-2024"]
[Site "Chess.com"]
[Date "2024.06.25"]
[Round "7"]
[White "Fore_Man"]
[Black "chessdoll90"]
[Result "1-0"]
[WhiteElo "2234"]
[BlackElo "2498"]
[TimeControl "180+1"]
[EndTime "15:16:51 PDT"]
[Termination "Fore_Man won on time"]

1. Nf3 d5 2. g3 Nf6 3. Bg2 g6 4.
O-O Bg7 5. d4 O-O 6. c4 dxc4 7.
Qa4 c6 8. Qxc4 Be6 9. Qc2 Nbd7 10. Nc3 Rc8 11. e4 Bc4 12. Rd1 e6 13. b3 Ba6 14.
Ba3 Re8 15. Qd2 Qa5 16. Bb2 c5 17. d5 exd5 18. exd5 c4 19. Nd4 Nc5 20. Rab1 Nd3 21. Ba1 Ng4 22. Ne4 Qxd2 23. Rxd2 c3 24. Bxc3 Rxc3 25.
Nxc3 Bxd4 26. Nd1 Re1+ 27. Bf1 Bxf2+ 28. Nxf2 Rxb1 29. Nxg4 f5 30. Ne3 Kf7 31. Kg2 Ne1+ 32. Kf2 Bxf1 33. Nxf1 Nf3 34. Rc2 Nd4 35. Rc7+ Ke8 36.
Rxb7 Rb2+ 37. Ke3 Nc2+ 38. Kf4 Rxa2 39. Ke5 Ne1 40. d6 Nf3+ 41. Kd5 a5 42. Ne3 Rd2+ 43.
Kc6 Ne5+ 44. Kc7 Rd3 45. Nc4 1-0

[Event "Late-Titled-Tuesday-Blitz-June-25-2024"]
[Site "Chess.com"]
[Date "2024.06.25"]
[Round "7"]
[White "ManMish2"]
[Black "hansen"]
[Result "1-0"]
[WhiteElo "2646"]
[BlackElo "2956"]
[TimeControl "180+1"]
[EndTime "15:16:55 PDT"]
[Termination "ManMish2 won by resignation"]

1. e4 c5 2. c3 Nf6 3. e5 Nd5 4. d4 cxd4 5. Nf3 Nc6 6. Bc4 Nb6 7. Bb3 d5 8. exd6 Qxd6 9. Nxd4 Nxd4 10. cxd4 Be6 11. O-O Bxb3 12. Qxb3 e6 13. Nc3 Be7 14. Nb5 Qd7 15. Nxa7 Nd5 16. Nb5 O-O 17. Be3 h5 18.
Nc3 Ra5 19. Nxd5 Rxd5 20. Rac1 Ra8 21. a3 Bd6 22. h3 h4 23. Qd3 Bc7 24. Qe4 Bd8 25.
Rc5 Bf6 26. Rxd5 exd5 27. Qg4 Qb5 28. Rc1 g6 29. Rc8+ Rxc8 30. Qxc8+ Kg7 31. Qc2 Qb6 32. Qd2 Qb3 33. Kh2 Be7 34. Bh6+ Kg8 35. Bg5 Bd6+ 36. Bf4 Be7 37. Qe3 Qxe3 38. Bxe3 b5 39. Kg1 g5 40. Kf1 Kg7 41. Ke2 Kg6 42. Kd3 f5 43. Bc1 g4 44. b3 Bd6 45. a4 bxa4 46. bxa4 f4 47.
f3 gxf3 48. gxf3 Kf5 49. a5 Bc7 50. a6 Bb6 51. Bd2 1-0

[Event "Late-Titled-Tuesday-Blitz-June-25-2024"]
[Site "Chess.com"]
[Date "2024.06.25"]
[Round "7"]
[White "BardArtem"]
[Black "djano"]
[Result "1-0"]
[WhiteElo "2820"]
[BlackElo "2577"]
[TimeControl "180+1"]
[EndTime "15:16:55 PDT"]
[Termination "BardArtem won by resignation"]

1. e4 e6 2. d4 d5 3. Nc3 Nf6 4. Qd3 c5 5. exd5 exd5 6. Bg5 cxd4 7. Qxd4 Be7 8. Bb5+ Nc6 9. Bxf6 Bxf6 10. Qc5 Be7 11. Qxd5 Qb6 12. Nf3 Be6 13. Qe4 a6 14. Bxc6+ bxc6 15. O-O O-O 16. Nd4 Bf6 17. Nxe6 fxe6 18. Qxe6+ Kh8 19. Qb3 Qc7 20. Rab1 Rab8 21. Qc4 Be5 22. h3 Rf4 23. Qe2 Bd4 24. Kh1 a5 25. f3 Rbf8 26. Ne4 Ba7 27. Rbd1 Bb8 28. g3 R4f5 29. f4 Rh5 30. Qxh5 Qe7 31. Qf3 Qb4 32. b3 c5 33.
Rfe1 h6 34. Nd2 Qa3 35. Nc4 Qb4 36. Qe4 Qb5 37. Ne5 Bxe5 38. Qxe5 Qc6+ 39. Qe4 Qf6 40. c4 Qb2 41. Re2 Qa3 42. h4 Rg8 43. h5 a4 44.
Qd3 axb3 45. axb3 Qa8+ 46. Kh2 Qb8 47. Red2 Qf8 48. Qg6 Qe7 49. Rg2 Qe4 50. Rgd2 Qf3 51. Qd3 Qxh5+ 52. Kg2 Qg4 53. Qf3 Qf5 54. Rd8 Kh7 55.
Rxg8 Kxg8 56. Qd5+ Kh7 57. Qxf5+ 1-0

[Event "Late-Titled-Tuesday-Blitz-June-25-2024"]
[Site "Chess.com"]
[Date "2024.06.25"]
[Round "7"]
[White "pooh2012"]
[Black "albayo"]
[Result "1-0"]
[WhiteElo "2597"]
[BlackElo "2409"]
[TimeControl "180+1"]
[EndTime "15:16:56 PDT"]
[Termination "pooh2012 won by checkmate"]

1. e4 c5 2. Nf3 Nc6 3. Bb5 e5 4. O-O Bd6 5. Na3 Nge7 6. c3 O-O 7. Nc4 Bc7 8. Ne3 d6 9. d4 cxd4 10. cxd4 exd4 11. Nxd4 Nxd4 12. Qxd4 Bb6 13. Qd3 Be6 14.
Rd1 Bc5 15. a3 a5 16. Nc4 Ng6 17. b3 Ne5 18. Qg3 Ng4 19. Rd2 f5 20. h3 f4 21. Qf3 Ne5 22. Nxe5 dxe5 23. Rxd8 Rfxd8 24. Bb2 Rd2 25. Bxe5 Rxf2 26. Qxf2 Bxf2+ 27. Kxf2 Bxb3 28. Bxf4 Rf8 29. Ke3 Rc8 30. a4 Rc3+ 31. Kd4 Rc2 32.
g4 h6 33. Rb1 Be6 34. Bd6 Rd2+ 35. Ke5 Bf7 36. Rc1 Kh8 37. Rc8+ Kh7 38. Rc7 Bg6 39.
Bf8 Kg8 40. Rxg7+ Kxf8 41. Rxg6 Kf7 42. Rxh6 Kg7 43. Rb6 Rb2 44. Rxb7+ Kg6 45. Be8+ Kg5 46. Rxb2 Kh4 47. g5 Kxg5 48. h4+ Kxh4 49. Bc6 Kg5 50.
Kd6 Kh5 51. e5 Kg4 52. e6 Kg5 53. e7 Kf6 54. e8=Q Kg7 55. Rg2+ Kf6 56. Qe6# 1-0

[Event "Late-Titled-Tuesday-Blitz-June-25-2024"]
[Site "Chess.com"]
[Date "2024.06.25"]
[Round "7"]
[White "igorkovalenko"]
[Black "Alex_Sahakyan2006"]
[Result "1-0"]
[WhiteElo "3001"]
[BlackElo "2745"]
[TimeControl "180+1"]
[EndTime "15:16:57 PDT"]
[Termination "igorkovalenko won by resignation"]

1. d4 Nf6 2. c4 g6 3. Nc3 Bg7 4. e4 d6 5. h3 O-O 6. Be3 c5 7. d5 e6 8. Nf3 exd5 9. exd5 Re8 10.
Bd3 Rxe3+ 11. fxe3 Qe7 12. O-O Nbd7 13. Qd2 Ne5 14.
Nxe5 Qxe5 15. Rf3 Nh5 16. Qf2 f5 17. Rf1 Bd7 18. g3 a6 19. Kg2 Nf6 20. g4 b5 21.
gxf5 g5 22. Qg3 Qe7 23. Qxg5 bxc4 24. Bxc4 Rb8 25. b3 Kh8 26. Kh1 h6 27. Qh4 Qe5 28. Ne2 Rf8 29. Ng3 Be8 30. e4 a5 31. a4 Nh7 32.
Qf4 Qe7 33. Bb5 Ng5 34. Bxe8 Nxf3 35. Rxf3 Qxe8 36. Qxd6 Bf6 37. e5 Bxe5 38. Qxh6+ Kg8 39. Nh5 Rf7 40. Qg6+ Kf8 41. Re3 c4 42. bxc4 Qxa4 43. Qh6+ Kg8 44. f6 Qd1+ 45. Kg2 Qd2+ 46. Kf3 Qd1+ 47.
Kf2 Qd2+ 48. Kf3 Qd1+ 49. Ke4 Qd4+ 50. Kf5 Bc7 51. Re8+ 1-0

[Event "Late-Titled-Tuesday-Blitz-June-25-2024"]
[Site "Chess.com"]
[Date "2024.06.25"]
[Round "7"]
[White "Navyblue1"]
[Black "carloseduar100"]
[Result "0-1"]
[WhiteElo "2152"]
[BlackElo "2283"]
[TimeControl "180+1"]
[EndTime "15:16:57 PDT"]
[Termination "carloseduar100 won on time"]

1. d4 d5 2. c4 e5 3. cxd5 Qxd5 4. Nf3 exd4 5. Nc3 Bb4 6. Qxd4 Qxd4 7. Nxd4 c6 8. Bd2 Nf6 9. e3 O-O 10. Be2 Nbd7 11.
O-O Ne5 12. Rfd1 Re8 13. h3 h6 14. a3 Bd6 15. a4 a6 16. Rab1 Ng6 17. b4 Bd7 18.
Be1 Bc7 19. b5 axb5 20. axb5 c5 21. Nb3 b6 22. Nd2 Bf5 23. Rbc1 Ne5 24. Nc4 Red8 25.
Rxd8+ Rxd8 26. Rd1 Rxd1 27. Nxd1 Kf8 28. Bc3 Nfd7 29.
Nxe5 Bxe5 30. Bxe5 Nxe5 31. Nc3 Nd7 32. Bf3 Be6 33.
Bc6 Ne5 34. Be4 Ke7 35. f4 Nd7 36. Kf2 Kd6 37. g4 g5 38. f5 Bb3 39. Bd3 Ne5 40. Be2 Bd5 41. e4 Bb7 42. Ke3 f6 43. Bf1 Nd7 44.
Bc4 Ke5 45. Bg8 Nf8 46. Bd5 Bxd5 47. Nxd5 Nd7 48. Nc3 c4 49. Nd5 Kd6 0-1